 Dungeon Crawl Stone Soup version 0.23.0-2-g0fe3ce5 (webtiles) character file.

Game seed: 15548480039236384000

4028 night the Cruncher (level 10, -16/120 HPs)
             Began as a Demonspawn Gladiator on Feb 19, 2019.
             Was a Priest of Trog.
             Demolished by an orc warrior
             ... wielding a +0 scimitar
              (21 damage)
             ... on level 8 of the Dungeon.
             The game lasted 00:20:31 (10762 turns).

night the Cruncher (Demonspawn Gladiator)          Turns: 10762, Time: 00:20:32

Health: -16/120    AC:  6    Str: 23    XL:     10   Next: 4%
Magic:  10/10      EV: 11    Int: 10    God:    Trog [***...]
Gold:   285        SH:  0    Dex: 14    Spells: 9/9 levels left

rFire    . . .     SeeInvis .   a - +1 quarterstaff
rCold    + . .     Gourm    .   (shield currently unavailable)
rNeg     . . .     Faith    .   v - +0 scale mail
rPois    .         Spirit   .   (helmet restricted)
rElec    .         Reflect  .   (no cloak)
rCorr    .         Harm     .   (no gloves)
MR       .....                  (no boots)
Stlth    ..........             (no amulet)
HPRegen  0.30/turn              (no ring)
MPRegen  0.12/turn              (no ring)

@: berserking, very quick
A: antennae 1, claws 1, hooves 1, cold resistance 1, rot immunity
a: Berserk, Trog's Hand, Renounce Religion


You were on level 8 of the Dungeon.
You worshipped Trog.
Trog was most pleased with you.
You were very hungry.

You visited 2 branches of the dungeon, and saw 9 of its levels.

You collected 285 gold pieces.

Inventory:

Hand Weapons
 a - a +1 quarterstaff (weapon)
Missiles
 d - 3 throwing nets (quivered)
 j - 183 arrows
Armour
 c - a +0 helmet
 v - a +0 scale mail (worn)
Jewellery
 y - an uncursed amulet of the acrobat {unknown}
Wands
 t - a wand of clouds (4)
 w - a wand of random effects (8)
Scrolls
 g - a scroll of immolation
 h - a scroll of blinking
 i - 3 scrolls of identify
 k - 4 scrolls of remove curse
 l - 4 scrolls of teleportation {unknown}
 m - a scroll of enchant armour {unknown}
 r - 2 scrolls of enchant weapon
 s - a scroll of fear {unknown}
 u - a scroll of silence {unknown}
Potions
 b - a potion of agility
 e - 2 potions of mutation {unknown}
 n - a potion of haste
 o - 4 potions of curing {unknown}
 p - a potion of might
 q - 2 potions of resistance {unknown}
 x - 2 potions of brilliance {unknown}
 z - a potion of heal wounds {unknown}
Comestibles
 f - 14 rations


   Skills:
 + Level 8.0 Fighting
 * Level 11.4 Staves
 - Level 1.7 Throwing
 - Level 2.6 Dodging


You had 9 spell levels left.
You didn't know any spells.
Your spell library was empty.

Dungeon Overview and Level Annotations

Branches:
Dungeon (8/15)             Temple (1/1) D:4
   Lair: D:8-11

Altars:
Ashenzari
Cheibriados
Dithmenos
Elyvilon
Fedhas
Gozag
Hepliaklqana
Kikubaaqudgha
Makhleb
Nemelex Xobeh
Okawaru
Qazlal
Ru
Sif Muna
Trog
Uskayaw
Vehumet
Wu Jian
Xom
Yredelemnul
Zin
The Shining One


Innate Abilities, Weirdness & Mutations

You have a pair of small antennae on your head.
You have sharp fingernails.
You have large cloven feet.
Your flesh is cold resistant. (rC+)
You are immune to rotting.


Message History

You are feeling very hungry.
The orc priest calls upon Beogh to heal the orc warrior.
The orc warrior's wounds heal themselves!
The hippogriff barely misses you. The hippogriff completely misses you.
The hippogriff closely misses you.
You thump the hippogriff! You kick the hippogriff.
The hippogriff is severely wounded.
You sock the hippogriff!
You kill the hippogriff!
Trog accepts your kill.
Your Fighting skill increases to level 8!
You have reached level 10!
Your demonic ancestry asserts itself...
You feel immune to rotting.
The orc warrior hits you with a +0 scimitar!
* * * LOW HITPOINT WARNING * * *
You closely miss the orc warrior.
You hit the orc warrior but do no damage.
The orc warrior hits you with a +0 scimitar!!
You die...

..#####............# ..#
##......#..........# .#
...######...[......# #
#### ####...o......#
######.##..........#
#......##..{.......#
...................#
.########.....#########..
## #####.oo@........
###########..


You could see an orc warrior and an orc priest.

Vanquished Creatures
  A two-headed ogre (D:8)
  Pikel (D:8)
  2 hippogriffs (D:8)
  A black bear (D:7)
  2 orc warriors
  A slave (D:8)
  A phantom (D:5)
  An ice beast (D:8)
  A centaur (D:7)
  5 ogres
  A bullfrog (D:8)
  Blork the orc (D:6)
  4 scorpions
  A howler monkey (D:4)
  2 crimson imps
  2 bullfrog zombies
  A quasit (D:8)
  3 jellies
  A bullfrog skeleton (D:4)
  A centaur zombie (D:5)
  A centaur skeleton (D:7)
  5 hounds
  3 orc priests
  5 orc wizards
  2 iguanas
  7 worker ants
  A hound skeleton (D:2)
  9 gnolls
  9 adders
  An ooze (D:2)
  2 worms (D:3)
  3 dart slugs (D:1)
  5 leopard geckos
  42 orcs
  2 ball pythons
  9 bats
  6 giant cockroaches
  2 goblins
  12 hobgoblins
  6 quokkas
  7 frilled lizards
  A jackal skeleton (D:6)
  6 kobolds
  A leopard gecko skeleton (D:6)
  A quokka zombie (D:5)
  3 rats (D:1)
184 creatures vanquished.

Vanquished Creatures (others)
  2 slaves (D:8)
  An orc wizard (D:3)
  An orc (D:8)
4 creatures vanquished.

Grand Total: 188 creatures vanquished

Notes
Turn   | Place    | Note
-------+----------+-------------------------------------------
     0 | D:1      | night the Demonspawn Gladiator began the quest for the Orb.
     0 | D:1      | Reached XP level 1. HP: 16/16 MP: 1/1
    23 | D:1      | Reached skill level 3 in Staves
   169 | D:1      | Gained mutation: Your flesh is cold resistant. (rC+)
                  | [demonic ancestry]
   169 | D:1      | Reached XP level 2. HP: 22/22 MP: 2/2
   619 | D:1      | Reached XP level 3. HP: 6/27 MP: 3/3
   971 | D:1      | Reached skill level 4 in Staves
  1668 | D:2      | Gained mutation: You have sharp fingernails. [demonic
                  | ancestry]
  1668 | D:2      | Reached XP level 4. HP: 30/33 MP: 4/4
  2390 | D:3      | Reached skill level 5 in Staves
  2656 | D:3      | Gained mutation: You have large cloven feet. [demonic
                  | ancestry]
  2656 | D:3      | Reached XP level 5. HP: 38/38 MP: 5/5
  2727 | D:3      | Found a faded altar of an unknown god.
  2756 | D:3      | Became a worshipper of Trog the Wrathful
  2756 | D:3      | Reached * piety under Trog
  3201 | D:4      | Reached skill level 6 in Staves
  3393 | D:4      | Reached XP level 6. HP: 42/44 MP: 6/6
  3474 | D:4      | Got a transparent buckler
  3481 | D:4      | Identified the +3 buckler of Divine Intervention {rPois rF+
                  | rC+} (You found it on level 4 of the Dungeon)
  3889 | D:4      | Found a staircase to the Ecumenical Temple.
  3901 | Temple   | Entered the Ecumenical Temple
  4170 | Temple   | Reached ** piety under Trog
  4417 | D:4      | Reached XP level 7. HP: 52/52 MP: 7/7
  4548 | D:4      | Found a shattered altar of Ashenzari.
  4680 | D:4      | Reached skill level 7 in Staves
  4895 | D:5      | Entered Level 5 of the Dungeon
  6307 | D:5      | Reached skill level 8 in Staves
  6307 | D:5      | Reached XP level 8. HP: 51/61 MP: 8/8
  6849 | D:6      | Reached skill level 5 in Fighting
  7051 | D:6      | Noticed Blork the orc
  7635 | D:6      | Reached skill level 9 in Staves
  8256 | D:6      | Killed Blork the orc
  8579 | D:7      | Reached *** piety under Trog
  8829 | D:7      | Gained mutation: You have a pair of small antennae on your
                  | head. [demonic ancestry]
  8829 | D:7      | Reached XP level 9. HP: 52/69 MP: 9/9
  8892 | D:7      | Found a stormy altar of Qazlal.
  9363 | D:7      | Reached skill level 10 in Staves
  9919 | D:8      | Noticed a two-headed ogre
 10301 | D:8      | Noticed Pikel
 10323 | D:8      | Killed Pikel
 10445 | D:8      | Killed a two-headed ogre
 10445 | D:8      | Reached skill level 11 in Staves
 10759 | D:8      | Gained mutation: You are immune to rotting. [demonic
                  | ancestry]
 10759 | D:8      | Reached XP level 10. HP: 16/80 MP: 10/10
 10760 | D:8      | HP: 4/120 [orc warrior/+0 scimitar (12)]
 10762 | D:8      | Demolished by an orc warrior

Skill      XL: |  1  2  3  4  5  6  7  8  9 |
---------------+----------------------------+-----
Staves         | 3 4 5 6 8 9 11 | 11.4
Fighting       | 3 4 6 8 |  8.0
Throwing       | |  1.7
Dodging        | |  2.6

Action                   |  1- 3 |  4- 6 |  7- 9 | 10-12 || total
-------------------------+-------+-------+-------+-------++-------
Melee: Quarterstaff      |    97 |   149 |   440 |     2 ||   688
       Kick              |       |    31 |   141 |       ||   172
Invok: Berserk           |       |     1 |     1 |       ||     2
       Trog's Hand       |       |       |     3 |       ||     3
Evoke: Wand              |       |       |     2 |       ||     2
  Use: Scroll            |       |     5 |       |       ||     5
  Eat: Chunk             |     2 |    10 |    17 |       ||    29
       Ration            |       |       |     1 |       ||     1
Armor: Leather armour    |    24 |       |       |       ||    24
       Plate armour      |     5 |       |    39 |       ||    44
       Ring mail         |    24 |    43 |    22 |       ||    89
       Scale mail        |       |       |    64 |       ||    64
Dodge: Dodged            |    75 |    97 |   180 |       ||   352
